 Dungeon Crawl Stone Soup version 0.27.1-3-gb3d3a73c9e (webtiles) character file.

Game seed: 12225473975694254195

8719 Destapler the Ducker (level 11, -6/129 HPs)
             Began as a Gnoll Wanderer on Oct 26, 2021.
             Was a Priest of Trog.
             Mangled by a wraith (8 damage)
             ... led by a death knight
             ... on level 11 of the Dungeon on Oct 30, 2021.
             The game lasted 00:46:17 (10830 turns).

Destapler the Ducker (Gnoll Wanderer)              Turns: 10830, Time: 00:46:17

Health: -6/129     AC:  6    Str: 12    XL:     11   Next: 35%
Magic:  20/20      EV: 16    Int: 11    God:    Trog [***...]
Gold:   491        SH: 10    Dex: 15    Spells: 22/22 levels left

rFire    + . .     SeeInvis +   a - +5 spear
rCold    . . .     Faith    .   H - +0 buckler
rNeg     . . .     Spirit   .   c - +0 steam dragon scales
rPois    .         Reflect  .   (helmet restricted)
rElec    .         Harm     .   i - scarf {repulsion}
rCorr    .         Rampage  .   (no gloves)
Will     ++...                  (no boots)
Stlth    ..........             u - amulet of regeneration
HPRegen  2.31/turn              t - ring of protection from fire
MPRegen  0.17/turn              j - ring of see invisible

@: berserking, strong-willed, regenerating, slowed, repel missiles
A: fangs 1, strong nose, distributed training, antennae 1, large bone plates 1
a: Renounce Religion, Berserk, Trog's Hand


You were on level 11 of the Dungeon.
You worshipped Trog.
Trog was most pleased with you.
You visited 2 branches of the dungeon, and saw 12 of its levels.

You collected 576 gold pieces.
You spent 85 gold pieces at shops.

Inventory:

Hand Weapons
 a - a +5 spear (weapon)
 b - a +4 short sword
 y - a +2 whip of draining
Missiles
 n - 17 boomerangs
 s - 3 silver boomerangs
 z - 65 poisoned darts
 B - 2 boomerangs of dispersal
 Q - a throwing net (quivered)
Armour
 c - +0 steam dragon scales (worn)
 i - a scarf of repulsion (worn)
 p - a +0 ring mail
 D - a +1 cloak
 H - a +0 buckler (worn)
Jewellery
 j - a ring of see invisible (right hand)
 o - the amulet "Laus" {Spirit rPois Dex-3 SInv}
   (You bought it in a shop on level 2 of the Dungeon)

   [amulet of guardian spirit]

   It causes incoming damage to be divided between your reserves of health and
   magic.
   Dex:       It affects your dexterity (-3).
   rPois:     It protects you from poison.
   SInv:      It lets you see invisible.
 t - a ring of protection from fire (left hand)
 u - an amulet of regeneration (around neck)
 K - an amulet of faith
Wands
 f - a wand of iceblast (10)
 x - a wand of digging (6)
 G - a wand of polymorph (10)
 M - a wand of charming (21)
 R - a wand of acid (10)
Scrolls
 d - 5 scrolls of teleportation
 e - 2 scrolls of fear {unknown}
 g - 17 scrolls of identify {unknown}
 h - a scroll of torment {unknown}
 k - a scroll of silence {unknown}
 l - 2 scrolls of vulnerability {unknown}
 m - a scroll of enchant armour {unknown}
 q - 2 scrolls of magic mapping {unknown}
 r - a scroll of brand weapon {unknown}
 w - 4 scrolls of blinking {unknown}
 L - a scroll of amnesia {unknown}
Potions
 v - a potion of brilliance {unknown}
 A - a potion of degeneration {unknown}
 C - a potion of flight {unknown}
 E - 3 potions of heal wounds
 F - a potion of might {unknown}
 I - a potion of mutation
 J - a potion of invisibility {unknown}
 N - 2 potions of curing
 P - a potion of haste {unknown}


   Skills:
 + Level 7.8 Fighting
 + Level 6.2 Short Blades
 + Level 6.2 Long Blades
 + Level 6.2 Axes
 + Level 6.2 Maces & Flails
 + Level 6.2 Polearms
 + Level 6.8 Staves
 + Level 6.2 Slings
 + Level 7.8 Bows
 + Level 6.2 Crossbows
 + Level 6.8 Throwing
 + Level 6.2 Armour
 + Level 7.8 Dodging
 + Level 6.7 Stealth
 + Level 6.2 Shields
 + Level 6.2 Unarmed Combat
 + Level 6.2 Spellcasting
 + Level 5.1 Conjurations
 + Level 5.1 Hexes
 + Level 5.1 Summonings
 + Level 5.1 Necromancy
 + Level 5.1 Translocations
 + Level 5.1 Transmutations
 + Level 5.1 Fire Magic
 + Level 5.1 Ice Magic
 + Level 5.1 Air Magic
 + Level 5.1 Earth Magic
 + Level 5.1 Poison Magic
 + Level 6.8 Invocations
 + Level 6.8 Evocations


You had 22 spell levels left.
You didn't know any spells.
Your spell library contained the following spells:

 Spells                   Type           Power      Damage    Failure   Level
 Animate Skeleton         Necr           28%        N/A       2%          1
 Pain                     Necr           56%        1d6       2%          1
 Shock                    Conj/Air       56%        1d6       2%          1
 Slow                     Hex            14%        N/A       3%          2
 Confusing Touch          Hex            14%        N/A       7%          3
 Portal Projectile        Hex/Tloc       28%        N/A       7%          3
 Swiftness                Air            14%        N/A       7%          3
 Vampiric Draining        Necr           7%         2d7       7%          3
 Airstrike                Air            7%         N/A       22%         4
 Blade Hands              Tmut           7%         N/A       54%         5
 Excruciating Wounds      Necr           7%         N/A       54%         5
 Yara's Violent Unravell  Hex/Tmut       7%         3d5       54%         5


Dungeon Overview and Level Annotations

Branches:
Dungeon (11/15)            Temple (0/1) D:4            Lair (1/6) D:10
    Orc: D:9-12

Altars:
Dithmenos
Ru
Trog

Shops:
D:2 =:(?*   D:3 (   D:4 :


Innate Abilities, Weirdness & Mutations

You have very sharp teeth.
Your uncanny sense of smell can sniff out nearby items.
Your experience applies equally to all skills.
You have a pair of small antennae on your head.
You are partially covered in large bone plates. (SH +4)


Message History

The death knight reflects your damage back at you!
The death knight struggles against the net.
You hit the freezing wraith but do no damage.
The freezing wraith closely misses you. The freezing wraith hits you.
You completely miss the freezing wraith.
The death knight struggles against the net.
The net rips apart, and the death knight comes free!
You block the freezing wraith's attack. The freezing wraith hits you.
You closely miss the freezing wraith.
A red film seems to cover your vision as you go berserk!
You feel yourself moving faster!
You feel mighty!
The death knight's dark mirror aura disappears.
The freezing wraith hits you! The freezing wraith freezes you!
The freezing wraith completely misses you.
The death knight barely misses you. The wraith misses you.
You closely miss the death knight.
The death knight is lightly wounded.
A hornet comes into view.
You block the freezing wraith's attack. x2; The death knight misses you.
The wraith misses you.
The hornet buzzes angrily.
You hit the death knight but do no damage.
The death knight is lightly wounded.
The freezing wraith closely misses you. The freezing wraith hits you!
You puncture the death knight!
The death knight is lightly wounded.
You block the death knight's attack. The wraith hits you.
* * * LOW HITPOINT WARNING * * *
The wraith drains your vigour!
You feel yourself slow down.
You completely miss the death knight.
The death knight is lightly wounded.
The freezing wraith hits you!
* * * LOW HITPOINT WARNING * * *
The freezing wraith freezes you!!
* * * LOW HITPOINT WARNING * * *
The freezing wraith hits you but does no damage.
The death knight hits you with a +1 battleaxe!!
* * * LOW HITPOINT WARNING * * *
The wraith hits you!
You die...

#..##..# #..# #..##..#
#..# #..##..# #..#
#..##..# #..# #..##..#
#..# #>.....# #..# .#
#......###..####..# .#
#.................## ..#
#..##.....y.@........ ..#
#..##...##.WWp.......
..###..##...##........###
.......##...##........#
.......##...##....(...#
.####..##...##.)......# #
#..##...##........#
#..##...##........# #..#
#.(....).#


You could see a death knight, a freezing wraith, a hornet and a wraith.

Vanquished Creatures
  A boulder beetle (D:11)
  A cyclops (D:10)
  An unseen horror (D:10)
  A freezing wraith (D:10)
  A komodo dragon (D:10)
  A troll (D:9)
  3 wraiths
  A wyvern (D:9)
  5 yaks (D:10)
  2 steam dragons
  9 vampire mosquitoes
  2 water moccasins
  A sky beast (D:5)
  2 black bears
  3 ogres
  2 orc warriors (D:10)
  An ice beast (D:7)
  3 necrophages
  2 centaurs
  3 phantoms
  6 kobold brigands
  3 bullfrogs
  6 scorpions
  A gnoll sergeant (D:9)
  5 wights (D:8)
  4 howler monkeys
  A jelly (D:5)
  2 centaur zombies
  3 centaur skeletons
  A hound (D:6)
  6 orc priests
  2 gnoll shamans
  2 bullfrog skeletons
  An iguana (D:3)
  5 orc wizards
  A howler monkey zombie (D:11)
  19 gnolls
  6 adders
  2 white imps
  An ufetubus (D:6)
  2 worms
  6 dart slugs
  28 orcs
  4 bats
  12 endoplasms
  4 giant cockroaches
  8 goblins
  12 hobgoblins
  3 jackals (D:3)
  8 quokkas
  10 ball pythons
  6 frilled lizards
  A jackal skeleton (D:4)
  28 kobolds
  6 rats
260 creatures vanquished.

Vanquished Creatures (others)
  7 fungi
  14 plants (D:10)
21 creatures vanquished.

Grand Total: 281 creatures vanquished

Notes
Turn   | Place    | Note
-------+----------+-------------------------------------------
     0 | D:1      | Destapler the Gnoll Wanderer began the quest for the Orb.
     0 | D:1      | Destapler set off with the following items: a +0 spear, 3
                  | throwing nets, a +0 leather armour, a scroll of
                  | teleportation
     0 | D:1      | Reached XP level 1. HP: 20/20 MP: 1/1
   174 | D:1      | Reached XP level 2. HP: 26/26 MP: 2/2
   548 | D:1      | Found a faded altar of an unknown god.
   556 | D:1      | Became a worshipper of Trog the Wrathful
   556 | D:1      | Reached * piety under Trog
   624 | D:1      | Reached XP level 3. HP: 31/31 MP: 3/3
  1444 | D:2      | Reached skill level 1 in Invocations
  1513 | D:2      | Found Imosibodd's Assorted Antiques.
  1657 | D:2      | Found Juihaaw's Book Boutique.
  1682 | D:2      | Found Vebidwepp's Antique Weapon Shop.
  1711 | D:2      | Reached skill level 1 in Short Blades
  1711 | D:2      | Reached skill level 1 in Long Blades
  1711 | D:2      | Reached skill level 1 in Axes
  1711 | D:2      | Reached skill level 1 in Maces & Flails
  1711 | D:2      | Reached skill level 1 in Polearms
  1711 | D:2      | Reached skill level 1 in Slings
  1711 | D:2      | Reached skill level 1 in Crossbows
  1711 | D:2      | Reached skill level 1 in Armour
  1711 | D:2      | Reached skill level 1 in Shields
  1711 | D:2      | Reached skill level 1 in Unarmed Combat
  1711 | D:2      | Reached skill level 1 in Spellcasting
  1982 | D:2      | Reached XP level 4. HP: 38/38 MP: 5/5
  2063 | D:2      | Reached ** piety under Trog
  2231 | D:2      | Found Memarph's Magic Scroll Emporium.
  2273 | D:2      | Found Boheut's Jewellery Emporium.
  2637 | D:3      | Found Cadeojif's Antique Weapon Shoppe.
  2650 | D:3      | Reached skill level 1 in Conjurations
  2650 | D:3      | Reached skill level 1 in Hexes
  2650 | D:3      | Reached skill level 1 in Summonings
  2650 | D:3      | Reached skill level 1 in Necromancy
  2650 | D:3      | Reached skill level 1 in Translocations
  2650 | D:3      | Reached skill level 1 in Transmutations
  2650 | D:3      | Reached skill level 1 in Fire Magic
  2650 | D:3      | Reached skill level 1 in Ice Magic
  2650 | D:3      | Reached skill level 1 in Air Magic
  2650 | D:3      | Reached skill level 1 in Earth Magic
  2650 | D:3      | Reached skill level 1 in Poison Magic
  2732 | D:3      | Reached XP level 5. HP: 43/43 MP: 5/7
  3350 | D:2      | Bought a brightly glowing copper amulet for 85 gold pieces
  3350 | D:2      | Identified the amulet "Laus" {Spirit rPois Dex-3 SInv} (You
                  | bought it in a shop on level 2 of the Dungeon)
  3801 | D:3      | Reached XP level 6. HP: 50/50 MP: 8/8
  4408 | D:4      | Found a staircase to the Ecumenical Temple.
  4440 | D:4      | Reached skill level 5 in Fighting
  4440 | D:4      | Reached skill level 5 in Bows
  4440 | D:4      | Reached skill level 5 in Dodging
  4709 | D:4      | Found Siyczuixt's Book Shoppe.
  4822 | D:4      | Reached XP level 7. HP: 56/56 MP: 10/10
  4887 | D:4      | Reached *** piety under Trog
  5262 | D:5      | Entered Level 5 of the Dungeon
  5355 | D:5      | Reached XP level 8. HP: 63/63 MP: 12/12
  5930 | D:6      | Reached XP level 9. HP: 69/69 MP: 14/14
  6206 | D:6      | Found a shadowy altar of Dithmenos.
  6501 | D:7      | Reached skill level 5 in Staves
  6501 | D:7      | Reached skill level 5 in Throwing
  6501 | D:7      | Reached skill level 5 in Evocations
  6523 | D:7      | Reached skill level 5 in Stealth
  6567 | D:7      | Found a sacrificial altar of Ru.
  6782 | D:7      | Reached skill level 5 in Invocations
  7328 | D:7      | Gained mutation: You are occasionally teleported next to
                  | monsters. [potion of mutation]
  7328 | D:7      | Gained mutation: Your mind is acute. (Int +2) [potion of
                  | mutation]
  7328 | D:7      | Gained mutation: You sometimes lose the ability to read
                  | scrolls when taking damage. [potion of mutation]
  7328 | D:7      | Gained mutation: You have a pair of small horns on your
                  | head. [potion of mutation]
  7394 | D:8      | Reached XP level 10. HP: 42/45 MP: 17/17
  7601 | D:8      | Reached skill level 5 in Short Blades
  7601 | D:8      | Reached skill level 5 in Long Blades
  7601 | D:8      | Reached skill level 5 in Axes
  7601 | D:8      | Reached skill level 5 in Maces & Flails
  7601 | D:8      | Reached skill level 5 in Polearms
  7601 | D:8      | Reached skill level 5 in Slings
  7601 | D:8      | Reached skill level 5 in Crossbows
  7601 | D:8      | Reached skill level 5 in Armour
  7601 | D:8      | Reached skill level 5 in Shields
  7601 | D:8      | Reached skill level 5 in Unarmed Combat
  7601 | D:8      | Reached skill level 5 in Spellcasting
  8187 | D:9      | Lost mutation: Your mind is acute. (Int +2) [potion of
                  | mutation]
  8188 | D:9      | Lost mutation: You have a pair of small horns on your head.
                  | [potion of mutation]
  8188 | D:9      | Lost mutation: You are occasionally teleported next to
                  | monsters. [potion of mutation]
  8188 | D:9      | Lost mutation: You sometimes lose the ability to read
                  | scrolls when taking damage. [potion of mutation]
  8188 | D:9      | Gained mutation: You are partially covered in large bone
                  | plates. (SH +4) [potion of mutation]
  8188 | D:9      | Gained mutation: You have a pair of small antennae on your
                  | head. [potion of mutation]
  8504 | D:10     | Entered Level 10 of the Dungeon
  8582 | D:10     | Reached **** piety under Trog
  8683 | D:10     | Found a staircase to the Lair.
  8736 | Lair:1   | Entered Level 1 of the Lair of Beasts
  8765 | Lair:1   | Noticed a cane toad
  9236 | D:10     | Noticed a cyclops
  9250 | D:10     | Killed a cyclops
  9251 | D:10     | Reached XP level 11. HP: 38/84 MP: 19/19
 10040 | D:11     | Reached skill level 5 in Conjurations
 10040 | D:11     | Reached skill level 5 in Hexes
 10040 | D:11     | Reached skill level 5 in Summonings
 10040 | D:11     | Reached skill level 5 in Necromancy
 10040 | D:11     | Reached skill level 5 in Translocations
 10040 | D:11     | Reached skill level 5 in Transmutations
 10040 | D:11     | Reached skill level 5 in Fire Magic
 10040 | D:11     | Reached skill level 5 in Ice Magic
 10040 | D:11     | Reached skill level 5 in Air Magic
 10040 | D:11     | Reached skill level 5 in Earth Magic
 10040 | D:11     | Reached skill level 5 in Poison Magic
 10108 | D:11     | Noticed a boulder beetle
 10137 | D:11     | Killed a boulder beetle
 10201 | D:11     | HP: 2/85 [komodo dragon (20)]
 10213 | D:11     | Noticed a two-headed ogre
 10295 | D:11     | Noticed a death knight
 10830 | D:11     | HP: 2/129 [death knight (20)]
 10830 | D:11     | Mangled by a wraith

Illustrated notes

Levels and vault maps discovered:
D:1:      dpeg_arrival_round_a, layout_basic,
          shapermc_ecumenical_altar_acropolis
D:2:      minmay_door_path, layout_loops_ring, serial_shops, shop,
          nicolae_shop_competitors_out_of_business, nicolae_shop_stone,
          nicolae_shop_overgrown_old_shop, nicolae_shop_behind_doors,
          minmay_tetromino_i4
D:3:      minmay_razor_zed, layout_basic, serial_shops, nicolae_shop_stone,
          corner_web_ring, minmay_pentomino_pile
D:4:      cheibrodos_thug_alley, layout_rooms, minmay_temple_entry_sparse_star,
          serial_shops, shop, serial_corexii_hall, chequers_hall_statues_wall_a,
          chequers_hall_statues_y, corexii_hall_statues_i,
          corexii_hall_statues_i, corexii_hall_statues_l,
          chequers_hall_statues_wall_a
D:5:      layout_rooms
D:6:      layout_cave_pools, mainiacjoe_overflow_tiny_flanked
D:7:      layout_basic, minmay_ruined_shrine
D:8:      layout_basic
D:9:      layout_gridville, kennysheep_generic_room_3
D:10:     layout_stronghold, grunt_lair_entry_orc_guard_hut
D:11:     layout_long_grid
Lair:1:   layout_cave_pods, basic_altar, grunt_megastairs_3

Skill      XL: |  1  2  3  4  5  6  7  8  9 10 11 |
---------------+----------------------------------+-----
Invocations    | 1 2 3 4 5 6 |  6.8
Short Blades   | 1 2 3 4 5 6 |  6.2
Long Blades    | 1 2 3 4 5 6 |  6.2
Axes           | 1 2 3 4 5 6 |  6.2
Maces & Flails | 1 2 3 4 5 6 |  6.2
Polearms       | 1 2 3 4 5 6 |  6.2
Slings         | 1 2 3 4 5 6 |  6.2
Crossbows      | 1 2 3 4 5 6 |  6.2
Armour         | 1 2 3 4 5 6 |  6.2
Shields        | 1 2 3 4 5 6 |  6.2
Unarmed Combat | 1 2 3 4 5 6 |  6.2
Spellcasting   | 1 2 3 4 5 6 |  6.2
Conjurations   | 1 2 3 4 5 |  5.1
Hexes          | 1 2 3 4 5 |  5.1
Summonings     | 1 2 3 4 5 |  5.1
Necromancy     | 1 2 3 4 5 |  5.1
Translocations | 1 2 3 4 5 |  5.1
Transmutations | 1 2 3 4 5 |  5.1
Fire Magic     | 1 2 3 4 5 |  5.1
Ice Magic      | 1 2 3 4 5 |  5.1
Air Magic      | 1 2 3 4 5 |  5.1
Earth Magic    | 1 2 3 4 5 |  5.1
Poison Magic   | 1 2 3 4 5 |  5.1
Staves         | 3 4 5 6 |  6.8
Throwing       | 3 4 5 6 |  6.8
Evocations     | 3 4 5 6 |  6.8
Stealth        | 3 4 5 6 |  6.7
Fighting       | 5 6 7 |  7.8
Bows           | 5 6 7 |  7.8
Dodging        | 5 6 7 |  7.8

Action                   |  1- 3 |  4- 6 |  7- 9 | 10-12 || total
-------------------------+-------+-------+-------+-------++-------
Melee: Spear             |   157 |   319 |     3 |   399 ||   878
       Bite              |     9 |    29 |    58 |    41 ||   137
       Punch             |       |     1 |     1 |       ||     2
       Whip              |       |    21 |   533 |       ||   554
       Headbutt          |       |       |     1 |    11 ||    12
       Short sword       |       |       |       |     4 ||     4
Throw: Throwing net      |     3 |       |       |     2 ||     5
       Boomerang         |       |    12 |     2 |     5 ||    19
       Dart              |       |       |     9 |     4 ||    13
Invok: Berserk           |     2 |     8 |     7 |    15 ||    32
       Trog's Hand       |       |     3 |     9 |     9 ||    21
  Use: Potion            |       |       |     3 |     2 ||     5
       Scroll            |       |       |       |     1 ||     1
 Stab: Sleeping          |     8 |     9 |       |     7 ||    24
       Distracted        |       |       |       |     2 ||     2
       Held in net/web   |       |       |       |     1 ||     1
Armor: Leather armour    |    25 |    10 |       |       ||    35
       Ring mail         |       |    61 |   164 |     7 ||   232
       Steam dragon scal |       |       |       |    48 ||    48
Dodge: Dodged            |    72 |   173 |   335 |   164 ||   744
       Repelled          |       |     1 |       |     1 ||     2
Block: Buckler           |       |       |   149 |   112 ||   261
